[Event "*** Titled Tuesday Blitz"]
[Site "Chess.com"]
[Date "2020.04.28"]
[Round "1"]
[White "ajian"]
[Black "moro182"]
[Result "0-1"]
[WhiteElo "2354"]
[BlackElo "2692"]
[TimeControl "180+1"]
[EndTime "10:05:34 PDT"]
[Termination "moro182 won by checkmate"]

1. d4 Nf6 2. c4 e6 3. Nc3 d5 4. cxd5 exd5 5. Bg5 c6 6. e3 h6 7. Bh4 Be6 8. Bd3 Nbd7 9. Nge2 g5 10. Bg3 Nh5 11.
Qc2 Nxg3 12. Nxg3 h5 13. O-O h4 14. Nf5 Qf6 15. e4 Bxf5 16. exf5 Bd6 17. Rfe1+ Kf8 18.
Ne2 g4 19. g3 hxg3 20. fxg3 Qh6 21. Nc3 Bxg3 22. Re2 Re8 23. Rg2 Bd6 24. Ne2 Bxh2+ 25. Kf1 Qe3 26. Ng1 Bxg1 27. Rxg1 Qf3+ 28. Qf2 Qxd3+ 29.
Kg2 Qh3# 0-1

[Event "*** Titled Tuesday Blitz"]
[Site "Chess.com"]
[Date "2020.04.28"]
[Round "1"]
[White "levallem"]
[Black "TengisChess"]
[Result "0-1"]
[WhiteElo "2214"]
[BlackElo "2556"]
[TimeControl "180+1"]
[EndTime "10:05:34 PDT"]
[Termination "TengisChess won by resignation"]

1. d4 Nf6 2. c4 g6 3. Nc3 Bg7 4. e4 O-O 5. Nf3 c5 6. d5 d6 7. Bd3 Na6 8. O-O Nc7 9. Re1 Bg4 10.
h3 Bxf3 11. Qxf3 Nd7 12. Qg3 a6 13. f4 Rb8 14. a4 b5 15. axb5 axb5 16. Nxb5 Nxb5 17.
cxb5 Qc7 18. Bc4 Nb6 19. Qd3 Nxc4 20. Qxc4 Qb6 21. Bd2 Bxb2 22. Rab1 Qxb5 23. Qxb5 Rxb5 24. e5 Rfb8 25. Kh1 c4 26. exd6 exd6 27. Re3 f5 28. Bc3 Bxc3 29. Rxb5 Rxb5 30. Rxc3 Rc5 31. Kg1 Kf7 32.
Kf2 Rxd5 33. Rxc4 Rc5 34. Ra4 h5 35. h4 Rc6 36. g3 Ke6 37. Ra3 Kd5 38. Ke3 Kc4 39.
Ra4+ Kb5 40. Ra3 Kb4 41. Rd3 Rc3 42. Kd4 Rxd3+ 43. Kxd3 Kc5 44. Kc3 d5 45. Kd3 d4 46.
Kd2 Kc4 47. Kc2 d3+ 48. Kd2 Kd4 49. Ke1 Ke3 50. Kd1 Kf3 0-1

[Event "*** Titled Tuesday Blitz"]
[Site "Chess.com"]
[Date "2020.04.28"]
[Round "1"]
[White "Coiote53"]
[Black "Arjun2002"]
[Result "0-1"]
[WhiteElo "2352"]
[BlackElo "2690"]
[TimeControl "180+1"]
[EndTime "10:05:35 PDT"]
[Termination "Arjun2002 won by resignation"]

1. e4 c5 2. Nf3 Nc6 3. Nc3 d6 4. d4 cxd4 5. Nxd4 Nf6 6. Bc4 Bd7 7. Bb3 g6 8. f3 Nxd4 9. Qxd4 Bg7 10. Be3 O-O 11.
Qd2 b5 12. Bh6 a5 13. a4 bxa4 14. Bxa4 Bxa4 15. Rxa4 Qb6 16. Bxg7 Kxg7 17. b3 Rfc8 18. Nd1 Rc5 19. Ne3 Rb5 20. O-O d5 21. e5 Nd7 22. Kh1 e6 23. f4 Rb4 24. Rfa1 Rxa4 25. Rxa4 Nc5 26. Ra1 a4 27. g3 axb3 28. Rxa8 b2 0-1

[Event "*** Titled Tuesday Blitz"]
[Site "Chess.com"]
[Date "2020.04.28"]
[Round "1"]
[White "Colombiano07"]
[Black "Artem_Sadovsky"]
[Result "0-1"]
[WhiteElo "2220"]
[BlackElo "2558"]
[TimeControl "180+1"]
[EndTime "10:05:35 PDT"]
[Termination "Artem_Sadovsky won by resignation"]

1. d4 g6 2. Nf3 Bg7 3. Bf4 d6 4. e3 c5 5. c3 Nd7 6. h3 Ngf6 7. Bh2 O-O 8. Bc4 b6 9. O-O Bb7 10. Nbd2 Qc7 11. a4 a6 12. Qb3 Qc6 13. Rfe1 d5 14. Bf1 c4 15. Qc2 b5 16. axb5 axb5 17. Ne5 Nxe5 18.
Bxe5 Ra6 19. b4 Rfa8 20. Qb2 Ra4 21. Be2 Qa6 22. Rxa4 Qxa4 23. Bf3 Qa2 24. Rb1 Qxb2 25. Rxb2 Ra3 26. Rc2 Nd7 27. Bxg7 Kxg7 28. e4 Nb6 29. Kh2 e6 30. e5 Na4 31. Nb1 Ra1 32.
Rc1 Nxc3 33. Rxc3 Rxb1 34. Ra3 Rxb4 35. Ra7 c3 36. Bd1 Rxd4 0-1

[Event "*** Titled Tuesday Blitz"]
[Site "Chess.com"]
[Date "2020.04.28"]
[Round "1"]
[White "gmgamil"]
[Black "Belka1989"]
[Result "1-0"]
[WhiteElo "2694"]
[BlackElo "2350"]
[TimeControl "180+1"]
[EndTime "10:05:37 PDT"]
[Termination "gmgamil won by resignation"]

1. d4 Nf6 2. Nf3 d5 3. Bf4 e6 4. e3 c5 5. c3 Nc6 6. Nbd2 Bd6 7. Bg3 b6 8. Bb5 Bb7 9. Qe2 O-O 10. Ne5 Ne7 11.
Bd3 Nf5 12. f4 Be7 13. O-O-O Qc7 14. Kb1 Ne4 15. Be1 Nfd6 16. g4 Nxd2+ 17. Bxd2 Ne4 18. g5 a5 19. Be1 a4 20. a3 Rac8 21. Rc1 c4 22. Bxe4 dxe4 23. h4 b5 24. h5 Bd6 25.
Qg4 Bxe5 26. fxe5 Qe7 27. Bh4 Qd7 28. Qf4 Bd5 29. h6 g6 30. Qf6 1-0

[Event "*** Titled Tuesday Blitz"]
[Site "Chess.com"]
[Date "2020.04.28"]
[Round "1"]
[White "MeetGoku"]
[Black "KrolPawel92OnTwitch"]
[Result "0-1"]
[WhiteElo "2310"]
[BlackElo "2637"]
[TimeControl "180+1"]
[EndTime "10:05:38 PDT"]
[Termination "KrolPawel92OnTwitch won by checkmate"]

1. e4 c5 2. Nf3 e6 3. d4 cxd4 4.
Nxd4 Qb6 5. Nb3 Nf6 6. Nc3 Bb4 7. Bd2 Nc6 8. Qe2 O-O 9. O-O-O a5 10. Na4 Qc7 11.
Bg5 b5 12. Qxb5 Ba6 13. Qb6 Qc8 14. Bxf6 gxf6 15. Bxa6 Rxa6 16. Qe3 Ne5 17. a3 Be7 18. f4 Nc4 19. Qd4 Rd8 20. Rd3 Rc6 21. Rc3 d5 22. e5 f5 23. g4 fxg4 24. Rg1 h5 25. h3 Qb7 26. hxg4 h4 27. g5 Qb5 28. f5 exf5 29. Qxh4 Rg6 30. Nac5 Bxc5 31. Nxc5 Qxb2+ 32. Kd1 Qxc3 33. Rh1 Qd2# 0-1

[Event "*** Titled Tuesday Blitz"]
[Site "Chess.com"]
[Date "2020.04.28"]
[Round "1"]
[White "Joshukid"]
[Black "PowerThinking2650"]
[Result "1-0"]
[WhiteElo "2557"]
[BlackElo "2219"]
[TimeControl "180+1"]
[EndTime "10:05:38 PDT"]
[Termination "Joshukid won by resignation"]

1. Nf3 Nf6 2. c4 g6 3. b3 Bg7 4. Bb2 O-O 5. g3 d5 6. cxd5 Qxd5 7. Bg2 Rd8 8. O-O Qh5 9. Re1 Bh3 10. Bh1 Nc6 11.
d3 e5 12. Nbd2 Ng4 13. Qc1 Bh6 14. Qc3 Bxd2 15. Qxd2 Rd7 16. Qg5 h6 17. Qxh5 gxh5 18. Rac1 Rad8 19. a3 f6 20. Nh4 Nd4 21. Bxd4 exd4 22.
Bxb7 c5 23. Be4 Rc7 24. Bf5 Rb8 25. f3 Rxb3 26. Be6+ Kg7 27. Bxb3 1-0

[Event "*** Titled Tuesday Blitz"]
[Site "Chess.com"]
[Date "2020.04.28"]
[Round "1"]
[White "AnnaChessLook"]
[Black "morfius"]
[Result "0-1"]
[WhiteElo "2260"]
[BlackElo "2595"]
[TimeControl "180+1"]
[EndTime "10:05:39 PDT"]
[Termination "morfius won by resignation"]

1. d4 Nf6 2. c4 c5 3. d5 b5 4.
cxb5 a6 5. bxa6 g6 6. Nc3 Bg7 7.
e4 O-O 8. Be2 Qa5 9. Bd2 Bxa6 10. e5 Ne8 11. Nf3 d6 12. e6 fxe6 13. dxe6 Nc7 14.
Ng5 Bxe2 15. Qxe2 Qa6 16. a4 Nc6 17. Qxa6 Rxa6 18. O-O Rb8 19. Ra2 Nd4 20. Re1 h6 21. Nf7 Kh7 22. Re4 Ndxe6 23. Rh4 g5 24. Nxg5+ Nxg5 25. Bxg5 Bxc3 26. bxc3 0-1

[Event "*** Titled Tuesday Blitz"]
[Site "Chess.com"]
[Date "2020.04.28"]
[Round "1"]
[White "chito89"]
[Black "Suleyman_Chess06"]
[Result "1-0"]
[WhiteElo "2740"]
[BlackElo "2389"]
[TimeControl "180+1"]
[EndTime "10:05:40 PDT"]
[Termination "chito89 won by resignation"]

1. d4 d5 2. c4 dxc4 3. Nf3 Nf6 4. e3 e6 5. Bxc4 c5 6. O-O a6 7. Be2 b5 8. a4 b4 9. Nbd2 Bb7 10. Nc4 Nbd7 11. Nfe5 Nxe5 12. dxe5 Qxd1 13. Rxd1 Nd5 14. e4 Nc7 15. Nd6+ Bxd6 16. exd6 O-O-O 17. dxc7 Rxd1+ 18. Bxd1 Bxe4 19. Be3 Kxc7 20. Bxc5 a5 21. Be2 Kb7 22. Rc1 Rc8 23. Be3 Rxc1+ 24. Bxc1 Bc6 25. b3 Bd5 26.
Bd1 Kb6 27. f3 Kc5 28. Be3+ Kc6 29. Kf2 e5 30. Ke2 f6 31. Kd3 h6 32. Kc2 e4 33.
Be2 f5 34. Bb5+ Kb7 35. f4 Be6 36. h4 Bf7 37. Bd4 g6 38. Bf6 h5 39. Bd8 Bd5 40. Bxa5 e3 41. Bxb4 Bxg2 42. Kd3 Bd5 43. Bc4 Be4+ 44.
Kxe3 Kc6 45. a5 Kb7 46. Bc5 Kc6 47. b4 Kb7 48. a6+ Kc6 49. Kd4 Kc7 50. Bd5 1-0

[Event "*** Titled Tuesday Blitz"]
[Site "Chess.com"]
[Date "2020.04.28"]
[Round "1"]
[White "RaphaeI"]
[Black "Andrii_Prydun"]
[Result "1/2-1/2"]
[WhiteElo "2642"]
[BlackElo "2332"]
[TimeControl "180+1"]
[EndTime "10:05:40 PDT"]
[Termination "Game drawn by agreement"]

1. d4 d5 2. Nf3 Nf6 3. Bf4 c6 4. e3 e6 5. Bd3 Bd6 6. Ne5 O-O 7.
Nd2 Qc7 8. c3 Nbd7 9. Ndf3 b6 10. h4 Bb7 11. h5 c5 12. Rh3 Ne4 13. Nxd7 Qxd7 14. Bxe4 dxe4 15. Ne5 Bxe5 16. Bxe5 f6 17. Bf4 Rad8 18. Qg4 Rf7 19. O-O-O e5 20. Qxd7 Rfxd7 1/2-1/2

[Event "*** Titled Tuesday Blitz"]
[Site "Chess.com"]
[Date "2020.04.28"]
[Round "1"]
[White "plumalka"]
[Black "rasmussvane"]
[Result "0-1"]
[WhiteElo "2443"]
[BlackElo "2864"]
[TimeControl "180+1"]
[EndTime "10:05:41 PDT"]
[Termination "rasmussvane won by resignation"]

1. e4 c6 2. d4 d5 3. Nc3 dxe4 4. Nxe4 Nf6 5. Nxf6+ exf6 6. c3 Bd6 7.
Bd3 O-O 8. Ne2 Re8 9. Qc2 h5 10. O-O h4 11. Nf4 Nd7 12. Qd1 Qc7 13. g3 Nf8 14. Qh5 Qd7 15. Bc4 Re7 16. Bd2 hxg3 17. hxg3 Qg4 18. Qh2 Bxf4 19. Bxf4 Be6 20. Bd3 Qf3 21.
Rae1 Qxd3 22. Kg2 Bd5+ 23. f3 Rxe1 0-1

[Event "*** Titled Tuesday Blitz"]
[Site "Chess.com"]
[Date "2020.04.28"]
[Round "1"]
[White "jonaszmb"]
[Black "okriak"]
[Result "0-1"]
[WhiteElo "2435"]
[BlackElo "2847"]
[TimeControl "180+1"]
[EndTime "10:05:41 PDT"]
[Termination "okriak won by resignation"]

1. e4 e5 2. Nf3 Nc6 3. Bc4 Bc5 4. c3 Nf6 5. d4 exd4 6. e5 d5 7.
Bb5 Ne4 8. cxd4 Bb6 9. h3 O-O 10. O-O Ne7 11. Nc3 Nxc3 12. bxc3 c6 13. Bd3 Bf5 14.
Qc2 Qd7 15. Bg5 Rfe8 16. a4 Bd8 17. Rfb1 Bxd3 18. Qxd3 Ng6 19. a5 Bxg5 20. Nxg5 Qe7 21. Nf3 Rad8 22. Rb2 Rd7 23. Rab1 Rc8 24. g3 c5 25. h4 h6 26. e6 Qxe6 27. Rxb7 Rxb7 28. Rxb7 cxd4 29. Nxd4 Qe1+ 30. Kg2 Rxc3 31. Qf5 Qe4+ 32. Qxe4 dxe4 33. Rxa7 Ne5 34. a6 Ra3 35. Ra8+ Kh7 36. a7 Nf3 37. Nb5 Ra1 38. Rh8+ Kxh8 0-1

[Event "*** Titled Tuesday Blitz"]
[Site "Chess.com"]
[Date "2020.04.28"]
[Round "1"]
[White "francyIM"]
[Black "Jaka_Brilej"]
[Result "1-0"]
[WhiteElo "2705"]
[BlackElo "2367"]
[TimeControl "180+1"]
[EndTime "10:05:41 PDT"]
[Termination "francyIM won by resignation"]

1. d4 f5 2. g3 Nf6 3. Bg2 g6 4.
Nf3 Bg7 5. c4 O-O 6. O-O d6 7. Nc3 c6 8. Qb3 Na6 9. c5+ Kh8 10. Qa3 dxc5 11. dxc5 Qe8 12. Bf4 Nh5 13. Be5 Nf6 14. b4 Qf7 15. Qb2 Be6 16. Ng5 Qg8 17.
Nxe6 Qxe6 18. Na4 Rad8 19. Rfd1 Rxd1+ 20. Rxd1 Nxb4 21. Bxf6 Bxf6 22. Qxb4 Qxe2 23. Qb3 e5 24. Bf3 Qa6 25. Rd7 e4 26. Bg2 Qa5 27. Bf1 Qe1 28. Qe3 Qb1 29. Qh6 1-0

[Event "*** Titled Tuesday Blitz"]
[Site "Chess.com"]
[Date "2020.04.28"]
[Round "1"]
[White "Oleksandr_Bortnyk"]
[Black "ristingho"]
[Result "1-0"]
[WhiteElo "3013"]
[BlackElo "2464"]
[TimeControl "180+1"]
[EndTime "10:05:42 PDT"]
[Termination "Oleksandr_Bortnyk won on time"]

1. e4 c6 2. c4 d5 3. cxd5 cxd5 4. exd5 Nf6 5. Qa4+ Nbd7 6. Nc3 g6 7. Bc4 Bg7 8. d3 O-O 9. Nf3 a6 10. Qa3 Nb6 11.
Qb3 Nbd7 12. a4 b6 13. O-O Bb7 14. d4 b5 15. axb5 axb5 16. Rxa8 Qxa8 17. Qxb5 Rc8 18.
Re1 Bf8 19. Bf4 Rxc4 20. Qxc4 Nb6 21. Qa2 Qc8 22. Ne5 1-0

[Event "*** Titled Tuesday Blitz"]
[Site "Chess.com"]
[Date "2020.04.28"]
[Round "1"]
[White "exoticprincess"]
[Black "jmduque"]
[Result "1-0"]
[WhiteElo "2859"]
[BlackElo "2440"]
[TimeControl "180+1"]
[EndTime "10:05:42 PDT"]
[Termination "exoticprincess won by resignation"]

1. d4 Nf6 2. c4 b6 3. Nc3 Bb7 4.
Nf3 g6 5. d5 Bg7 6. e4 d6 7.
Bd3 O-O 8. O-O Nbd7 9. Re1 Nc5 10. Bc2 a5 11. Bg5 h6 12. Be3 Ng4 13. Bd4 e5 14.
dxe6 Nxe6 15. Bxg7 Kxg7 16. Qd2 Ne5 17. Re3 Nxc4 18.
Qe1 Nxe3 19. Qxe3 Qf6 20. Rd1 Rae8 21. Re1 Ng5 22. Nd2 Ne6 23. g3 Qd4 24. Qe2 Nc5 25.
Nf3 Qf6 26. Qd1 Re7 27. Nd2 Rfe8 28. Rf1 Qd4 29. a3 Ba6 30. Re1 h5 31. Re3 b5 32.
Nd5 Rd7 33. Qc1 Bb7 34. Nf3 Qc4 35. b3 Nxb3 36. Qb2+ Nd4 37. Nxd4 Bxd5 38. Nf5+ 1-0

[Event "*** Titled Tuesday Blitz"]
[Site "Chess.com"]
[Date "2020.04.28"]
[Round "1"]
[White "leschebaza"]
[Black "Shuvalov"]
[Result "1/2-1/2"]
[WhiteElo "1786"]
[BlackElo "2465"]
[TimeControl "180+1"]
[EndTime "10:05:43 PDT"]
[Termination "Game drawn by repetition"]

1. e4 e6 2. d4 d5 3. Nd2 Nf6 4.
e5 Nfd7 5. Bd3 c5 6. c3 Nc6 7.
Ndf3 Qa5 8. Bd2 Qb6 9. Ne2 c4 10. Bc2 Qxb2 11. O-O h6 12. h3 Qa3 13. Nh2 Nb6 14. f4 Bd7 15. f5 O-O-O 16. fxe6 Bxe6 17. Nf4 Rd7 18. Nf3 Qe7 19. Nxe6 fxe6 20. Qe1 g5 21. Nh2 Bg7 22. Ng4 Rf8 23. Rxf8+ Qxf8 24. Qg3 Qa3 25. Bc1 Qf8 26. Bd2 Qa3 27. Bc1 Qf8 28. Bd2 1/2-1/2

[Event "*** Titled Tuesday Blitz"]
[Site "Chess.com"]
[Date "2020.04.28"]
[Round "1"]
[White "WoolworthsManly"]
[Black "AndrewDGreen"]
[Result "1-0"]
[WhiteElo "2654"]
[BlackElo "2324"]
[TimeControl "180+1"]
[EndTime "10:05:44 PDT"]
[Termination "WoolworthsManly won by checkmate"]

1. e4 c5 2. Nf3 g6 3. d4 cxd4 4. Qxd4 Nf6 5. Nc3 Nc6 6. Qa4 d6 7. e5 dxe5 8. Nxe5 Bg7 9. Nxc6 bxc6 10. Qxc6+ Bd7 11. Qc5 O-O 12. Be2 Bf5 13. O-O Bxc2 14. Be3 Ne4 15. Nxe4 Bxe4 16. Rad1 Qb6 17. Qxe7 Qc6 18.
Rd6 Qc2 19. Bd1 Qc4 20. Bb3 Qb4 21. Bd2 Qb7 22. Rd7 Qc6 23. Bxf7+ Kh8 24. Bd5 Bxd5 25.
Qxg7# 1-0

[Event "*** Titled Tuesday Blitz"]
[Site "Chess.com"]
[Date "2020.04.28"]
[Round "1"]
[White "DishonorOnYourCow"]
[Black "SONOFHOLYGOD"]
[Result "0-1"]
[WhiteElo "2322"]
[BlackElo "2646"]
[TimeControl "180+1"]
[EndTime "10:05:44 PDT"]
[Termination "SONOFHOLYGOD won on time"]

1. d4 Nf6 2. c4 e6 3. Nc3 Bb4 4. e3 O-O 5. Bd3 c5 6. Ne2 cxd4 7.
exd4 Be7 8. O-O d6 9. h3 b6 10. Be3 Bb7 11. Rc1 Nbd7 12. Ng3 Rc8 13. Qe2 Qc7 14.
Nge4 Rfe8 15. Bg5 Nxe4 16. Bxe7 Nxc3 17. Qh5 g6 18. Qh4 Ne4 19. f3 Rxe7 20. Qxe7 Nef6 21. c5 dxc5 22. dxc5 bxc5 23. Bb5 Re8 24. Rxc5 Qb6 0-1

[Event "*** Titled Tuesday Blitz"]
[Site "Chess.com"]
[Date "2020.04.28"]
[Round "1"]
[White "korkmaz16"]
[Black "verdest"]
[Result "0-1"]
[WhiteElo "2257"]
[BlackElo "2588"]
[TimeControl "180+1"]
[EndTime "10:05:44 PDT"]
[Termination "verdest won by resignation"]

1. e4 c5 2. Nf3 Nc6 3. d4 cxd4 4. Nxd4 Nf6 5. Nc3 e5 6. Ndb5 d6 7. Bg5 a6 8. Na3 b5 9. Bxf6 gxf6 10. Nd5 Bg7 11.
Bd3 Ne7 12. Nxe7 Qxe7 13. c4 O-O 14. O-O f5 15. Re1 d5 16. cxd5 fxe4 17. Bxe4 Qd6 18.
Rc1 Bd7 19. Rc6 Bxc6 20. dxc6 Qxd1 21. Rxd1 Rfd8 22. Rc1 Rac8 23. Nc2 f5 24. Bxf5 Rxc6 25. Re1 Rd2 26. Nb4 Rf6 27. Be4 Rfxf2 28. b3 Bf8 29. Nd5 Bc5 30. Kh1 Rde2 31. Nf6+ Rxf6 0-1

[Event "*** Titled Tuesday Blitz"]
[Site "Chess.com"]
[Date "2020.04.28"]
[Round "1"]
[White "GameOverBro"]
[Black "kinga2008"]
[Result "1-0"]
[WhiteElo "2508"]
[BlackElo "2112"]
[TimeControl "180+1"]
[EndTime "10:05:44 PDT"]
[Termination "GameOverBro won by resignation"]

1. e4 g6 2. d4 Bg7 3. Nc3 d6 4.
g3 c5 5. Nge2 cxd4 6. Nxd4 Nc6 7. Nde2 Nf6 8. Bg2 O-O 9. O-O Bd7 10. a4 Qc8 11. Re1 Ne5 12. Nd5 Nxd5 13. exd5 Bg4 14. Ra3 Nc4 15. Rb3 Na5 16. Rb4 Bf5 17. Nd4 Bxd4 18.
Qxd4 Qxc2 19. Bh6 f6 20. g4 Bd3 21. Rc1 Qe2 22. Bf1 Qf3 23. Qxd3 Qxd3 24. Bxd3 g5 25. Bxf8 Kxf8 26. Rc7 Kf7 27. Bxh7 Rh8 28. Bf5 Rh3 29. Rc3 Rh4 30. Re4 b6 31. Rc7 1-0

[Event "*** Titled Tuesday Blitz"]
[Site "Chess.com"]
[Date "2020.04.28"]
[Round "1"]
[White "Izoria123"]
[Black "Lion-Al-Messi"]
[Result "1-0"]
[WhiteElo "2814"]
[BlackElo "2428"]
[TimeControl "180+1"]
[EndTime "10:05:45 PDT"]
[Termination "Izoria123 won on time"]

1. Nf3 b6 2. d4 Bb7 3. Bg5 h6 4. Bh4 g5 5. Bg3 Bg7 6. Nbd2 Nf6 7. c3 e6 8. e3 c5 9. Nc4 Ne4 10. Nfd2 O-O 11. Nxe4 Bxe4 12. h4 d5 13. Nd2 Bg6 14. hxg5 hxg5 15. Nf3 Nd7 16. Bd3 f5 17. Qe2 Qe7 18. Bb5 g4 19. Nh4 Kf7 20. f3 gxf3 21.
gxf3 Rh8 22. O-O-O cxd4 23. Bxd7 dxc3 24. Nxg6 Kxg6 25.
Rhg1 Kf7 26. Ba4 Qb4 27. Bb3 a5 28. Be1 a4 29. Rxg7+ Kf8 30. Bxc3 axb3 31. Bxb4+ Kxg7 32. Bc3+ Kf7 33. Bxh8 bxa2 34. Kd2 1-0

[Event "*** Titled Tuesday Blitz"]
[Site "Chess.com"]
[Date "2020.04.28"]
[Round "1"]
[White "YQPerez"]
[Black "1Przemyslaw1"]
[Result "1-0"]
[WhiteElo "2972"]
[BlackElo "2459"]
[TimeControl "180+1"]
[EndTime "10:05:46 PDT"]
[Termination "YQPerez won on time"]

1. e4 e5 2. Nf3 Nc6 3. Nc3 Nf6 4. Bb5 Bc5 5. Nxe5 Nxe5 6. d4 Bb4 7. dxe5 Nxe4 8. Qd4 Nxc3 9. bxc3 Be7 10. Qg4 g6 11. Qg3 h5 12. O-O c6 13. Bc4 d5 14. exd6 Bxd6 15.
Bf4 Bxf4 16. Qxf4 O-O 17. Rad1 Qe7 18. Rfe1 Qc5 19. Re5 Qa3 20. Qf6 Bf5 21. Rxf5 gxf5 22. Qg6+ Kh8 23. Qxh5+ Kg7 24. Qg5+ Kh8 25. Rd3 1-0

[Event "*** Titled Tuesday Blitz"]
[Site "Chess.com"]
[Date "2020.04.28"]
[Round "1"]
[White "Gabix_94"]
[Black "top_bu_tz"]
[Result "1-0"]
[WhiteElo "2802"]
[BlackElo "2411"]
[TimeControl "180+1"]
[EndTime "10:05:46 PDT"]
[Termination "Gabix_94 won by resignation"]

1. d4 Nf6 2. c4 g6 3. Nc3 d5 4.
cxd5 Nxd5 5. e4 Nxc3 6. bxc3 Bg7 7. Bc4 c5 8. Ne2 O-O 9. Be3 Nc6 10. h4 cxd4 11. cxd4 Qa5+ 12. Kf1 Rd8 13. h5 Bg4 14. f3 Bd7 15. hxg6 hxg6 16. Bd2 Qb6 17. Rb1 Qc7 18. Rc1 Qb6 19. Qe1 Nxd4 20. Qh4 Qf6 21.
Qh7+ Kf8 22. Bh6 Bxh6 23. Qxh6+ Kg8 24. Qh7+ Kf8 25. Nxd4 Bb5 26. Nxb5 1-0

[Event "*** Titled Tuesday Blitz"]
[Site "Chess.com"]
[Date "2020.04.28"]
[Round "1"]
[White "Manukyan_Artak"]
[Black "crescentmoon2411"]
[Result "0-1"]
[WhiteElo "2412"]
[BlackElo "2771"]
[TimeControl "180+1"]
[EndTime "10:05:47 PDT"]
[Termination "crescentmoon2411 won by resignation"]

1. e4 c5 2. Nf3 d6 3. Bb5+ Nc6 4. O-O Bd7 5. c3 Nf6 6. Re1 a6 7. Bxc6 Bxc6 8. e5 dxe5 9. Nxe5 Rc8 10. d4 e6 11. Bg5 Be7 12. dxc5 Qxd1 13. Rxd1 Bxc5 14. Bxf6 gxf6 15. Nxc6 Rxc6 16. Nd2 Ke7 17. Ne4 Bb6 18. Kf1 f5 19. Nd2 Rd8 20. Nb3 Rcd6 21. Rxd6 Rxd6 22.
f3 a5 23. a4 Bc7 24. Nd4 Rb6 25. Nb5 Bxh2 26. Ke2 Bf4 27. Rh1 h6 28. Rh4 e5 29.
Rh5 Rg6 30. Kf1 Bg5 31. Ke2 Rg8 32. Rh1 Bf4 33. Kf2 Rd8 34. Re1 Rd2+ 35. Re2 Bg3+ 36. Ke3 Rd1 37. Na3 f4+ 38. Ke4 Ke6 0-1

[Event "*** Titled Tuesday Blitz"]
[Site "Chess.com"]
[Date "2020.04.28"]
[Round "1"]
[White "CarlosAlbornoz"]
[Black "Yanidze"]
[Result "1-0"]
[WhiteElo "2760"]
[BlackElo "2406"]
[TimeControl "180+1"]
[EndTime "10:05:47 PDT"]
[Termination "CarlosAlbornoz won by checkmate"]

1. e4 d6 2. d4 Nf6 3. Nc3 g6 4. f4 Bg7 5. Nf3 c5 6. dxc5 Qa5 7. Qe2 Qxc5 8. Be3 Qa5 9. Qb5+ Nc6 10. Qxa5 Nxa5 11.
O-O-O O-O 12. e5 Ng4 13. Bg1 dxe5 14. h3 Nh6 15. Nxe5 Nc6 16. Nxc6 bxc6 17. g4 e5 18.
fxe5 Bxe5 19. Bc5 Bf4+ 20. Kb1 Re8 21. Bg2 Bb7 22. Ne4 Re6 23. Rhf1 g5 24. Bd4 Ba6 25. Rfe1 Kf8 26. Nc5 Rxe1 27. Rxe1 Bc8 28. Bxc6 Rb8 29.
Re8# 1-0

[Event "*** Titled Tuesday Blitz"]
[Site "Chess.com"]
[Date "2020.04.28"]
[Round "1"]
[White "GukeshDommaraju"]
[Black "Qvalda"]
[Result "1-0"]
[WhiteElo "2758"]
[BlackElo "2403"]
[TimeControl "180+1"]
[EndTime "10:05:47 PDT"]
[Termination "GukeshDommaraju won by resignation"]

1. e4 c5 2. Nf3 e6 3. d4 cxd4 4.
Nxd4 a6 5. Bd3 g6 6. Nc3 Bg7 7. Be3 Ne7 8. a4 Nbc6 9. Nb3 O-O 10. Qd2 d5 11. Bh6 d4 12. Ne2 e5 13. h4 Bxh6 14. Qxh6 Kh8 15. h5 Ng8 16. Qd2 g5 17. c3 dxc3 18. Nxc3 h6 19. Nd5 Be6 20. Be2 Nf6 21. Bf3 g4 22. Qxh6+ Kg8 23. Nxf6+ 1-0

[Event "*** Titled Tuesday Blitz"]
[Site "Chess.com"]
[Date "2020.04.28"]
[Round "1"]
[White "starworld123"]
[Black "onnoelgersma"]
[Result "1-0"]
[WhiteElo "2633"]
[BlackElo "2308"]
[TimeControl "180+1"]
[EndTime "10:05:48 PDT"]
[Termination "starworld123 won by resignation"]

1. e4 c6 2. d4 d5 3. exd5 cxd5 4. Nf3 Nc6 5. c3 Bg4 6. Bf4 e6 7. Nbd2 Nf6 8. Be2 Bd6 9. Bxd6 Qxd6 10. O-O O-O 11.
h3 Bh5 12. Ne5 Nxe5 13. Bxh5 Ng6 14. Bf3 Rab8 15. g3 b5 16. a3 a5 17. Nb3 Ra8 18.
Qe2 b4 19. cxb4 axb4 20. a4 Nd7 21. a5 Rfc8 22. Rfc1 Ne7 23. Qe3 Nf5 24. Qd2 Rab8 25. Kg2 Qe7 26. a6 Ra8 27. Be2 Nd6 28. Qxb4 Rcb8 29.
Qc3 Ne4 30. Qe3 Qb4 31. Ra3 Nd6 32. Rc7 Nf6 33. a7 Rb7 34. Rxb7 Qxb7 35. Nc5 Qb6 36.
Ra6 Qxb2 37. Rxd6 1-0

[Event "*** Titled Tuesday Blitz"]
[Site "Chess.com"]
[Date "2020.04.28"]
[Round "1"]
[White "Barys1974"]
[Black "goldenspine"]
[Result "1-0"]
[WhiteElo "2627"]
[BlackElo "2303"]
[TimeControl "180+1"]
[EndTime "10:05:49 PDT"]
[Termination "Barys1974 won by resignation"]

1. e4 c6 2. d4 d5 3. e5 Bf5 4. Nd2 e6 5. Nb3 Nd7 6. Nf3 Ne7 7. Be2 h6 8. O-O g5 9. Ne1 Bg7 10. f4 Ng6 11. Bd3 Bxd3 12. Nxd3 gxf4 13. Nxf4 Nxf4 14. Bxf4 Qe7 15. Qh5 O-O-O 16. Rf3 f6 17. exf6 Bxf6 18. Re1 Rdg8 19. Qh3 Nf8 20. c3 b6 21. Nc1 Kd7 22. Nd3 Ng6 23. Bg3 h5 24. Rfe3 Nf8 25. Nf4 h4 26. Nxe6 hxg3 27. Nxf8+ Kd8 28.
Rxe7 Rxh3 29. Re8+ Kc7 30. gxh3 g2 31. Ne6+ Kd7 32. Rxg8 1-0

[Event "*** Titled Tuesday Blitz"]
[Site "Chess.com"]
[Date "2020.04.28"]
[Round "1"]
[White "TomasKapitanchuk"]
[Black "Bigfish1995"]
[Result "0-1"]
[WhiteElo "2468"]
[BlackElo "3098"]
[TimeControl "180+1"]
[EndTime "10:05:50 PDT"]
[Termination "Bigfish1995 won on time"]

1. e4 c5 2. Nf3 d6 3. Bb5+ Nd7 4. O-O Nf6 5. Re1 a6 6. Bd3 e6 7.
c3 b5 8. Bc2 Bb7 9. a4 Be7 10. d4 O-O 11. Nbd2 Qc7 12. Bd3 Bc6 13. d5 exd5 14. exd5 Nxd5 15. Ne4 N7f6 16. Nxf6+ Nxf6 17. Bf4 Rfe8 18. Ng5 Bf8 19. Rxe8 Rxe8 20. axb5 axb5 21. Bc2 h6 22. Nf3 Qb7 23. Qd3 Be4 24. Qd2 Bxf3 25. gxf3 Qxf3 26. Bg3 d5 27. Qd3 Qxd3 28. Bxd3 c4 29.
Bf5 Re2 30. Ra8 g6 31. Bd6 Re8 32. Rxe8 Nxe8 33. Bxf8 Kxf8 0-1

[Event "*** Titled Tuesday Blitz"]
[Site "Chess.com"]
[Date "2020.04.28"]
[Round "1"]
[White "Zurability"]
[Black "Mashenka97"]
[Result "1-0"]
[WhiteElo "2707"]
[BlackElo "2368"]
[TimeControl "180+1"]
[EndTime "10:05:51 PDT"]
[Termination "Zurability won on time"]

1. d4 Nf6 2. c4 g6 3. Nc3 Bg7 4. e4 d6 5. Nf3 O-O 6. h3 Nc6 7.
Be3 e5 8. d5 Ne7 9. g4 h5 10.
g5 Nd7 11. Nd2 c6 12. h4 cxd5 13. cxd5 a6 14. a4 b6 15. Nc4 Qc7 16. Rc1 Bb7 17. Qb3 f5 18. Nxb6 f4 19. Nxa8 Bxa8 20. Bd2 Nc5 21. Qc4 Qd7 22. Bh3 Qe8 23. b4 Nxa4 24.
Be6+ Kh7 25. Nxa4 Qxa4 26. O-O f3 27. Qc7 Qa2 28. Qxe7 Qxd2 29. Rc7 1-0

[Event "*** Titled Tuesday Blitz"]
[Site "Chess.com"]
[Date "2020.04.28"]
[Round "1"]
[White "TheCount"]
[Black "Nayemhaque22"]
[Result "1-0"]
[WhiteElo "2630"]
[BlackElo "2305"]
[TimeControl "180+1"]
[EndTime "10:05:51 PDT"]
[Termination "TheCount won by checkmate"]

1. Nf3 Nf6 2. d4 e6 3. c4 d5 4.
Nc3 Bb4 5. Bg5 h6 6. Bxf6 Qxf6 7. e3 O-O 8. Rc1 c6 9. Bd3 dxc4 10. Bxc4 b5 11. Bd3 a6 12. O-O Bb7 13. Ne4 Qe7 14. Ne5 Bd6 15. Nxd6 Qxd6 16. Qg4 Nd7 17. Nxd7 Qxd7 18.
Rc5 Rad8 19. Rfc1 Rfe8 20. Qe4 g6 21. h4 e5 22. Rxe5 c5 23. Rxe8+ Rxe8 24. Qf4 cxd4 25. Rc7 Qd5 26. e4 Qe6 27. Rxb7 Qxa2 28. b4 Rf8 29. e5 Qd5 30. Be4 Qc4 31. Qf6 d3 32. Bxg6 d2 33. Rd7 Qc1+ 34. Kh2 d1=Q 35. Bxf7+ Kh7 36.
Bg6+ Kg8 37. Qg7# 1-0